 Dungeon Crawl Stone Soup version 0.28.0-53-g5a82cb258f (webtiles) character file.

Game seed: 2595946149564231958

1343 raph the Spear-Bearer (level 8, 0/70 HPs)
             Began as a Minotaur Monk on July 4, 2022.
             Was a Priest of Okawaru.
             Slain by a yak (14 damage)
             ... on level 5 of the Dungeon.
             The game lasted 00:08:58 (6315 turns).

raph the Spear-Bearer (Minotaur Monk)               Turns: 6315, Time: 00:08:58

Health: 0/70       AC:  6    Str: 15    XL:     8   Next: 35%
Magic:  7/7        EV: 14    Int:  7    God:    Okawaru [***...]
Gold:   281        SH:  0    Dex: 16    Spells: 7/7 levels left

rFire   + . .      SeeInvis .   b - +0 trident
rCold   + . .      Faith    .   (no shield)
rNeg    . . .      Spirit   .   f - +3 leather armour
rPois   .          Reflect  .   (helmet restricted)
rElec   .          Harm     .   k - scarf {rC+ rF+}
rCorr   .          Rampage  .   (no gloves)
Will    .....                   (no boots)
Stlth   ++........              (no amulet)
HPRegen 0.21/turn               (no ring)
MPRegen 0.10/turn               (no ring)

@: no status effects
A: horns 2, retaliatory headbutt
a: Renounce Religion, Heroism


You were on level 5 of the Dungeon.
You worshipped Okawaru.
Okawaru was most pleased with you.
You visited 2 branches of the dungeon, and saw 6 of its levels.
You also visited: Sewer.

You collected 281 gold pieces.

Inventory:

Hand Weapons
 a - a +1 spear
 b - a +0 trident (weapon)
Missiles
 d - a throwing net
 e - 4 boomerangs (quivered)
 j - 12 poisoned darts
Armour
 f - a +3 leather armour (worn)
 k - a scarf of resistance (worn)
Scrolls
 n - 2 scrolls of identify
 o - 2 scrolls of fear
 p - 2 scrolls of blinking
Potions
 c - a potion of flight
 g - 2 potions of resistance {unknown}
 h - 2 potions of curing {unknown}
 i - 2 potions of haste {unknown}
 l - 3 potions of heal wounds {unknown}
 m - a potion of invisibility


   Skills:
 + Level 6.2 Fighting
 * Level 10.0 Polearms
 - Level 1.2 Throwing
 - Level 2.2 Armour
 + Level 5.5 Dodging
 - Level 1.5 Stealth
 + Level 1.0 Invocations


You had 7 spell levels left.
You didn't know any spells.
Your spell library contained the following spells:

 Spells                   Type           Power      Damage    Failure   Level
 Beastly Appendage        Tmut           0%         N/A       50%         1
 Wereblood                Tmut           0%         N/A       65%         2
 Ozocubu's Armour         Ice            0%         N/A       86%         3
 Spider Form              Tmut/Pois      0%         N/A       86%         3
 Metabolic Englaciation   Hex/Ice        0%         N/A       100%        5
 Simulacrum               Ice/Necr       Unusable   N/A       N/A         6

Dungeon Overview and Level Annotations

Branches:
Dungeon (5/15)             Temple (1/1) D:4           Sewer (visited)

Altars:
Ashenzari
Cheibriados
Dithmenos
Elyvilon
Fedhas
Gozag
Kikubaaqudgha
Makhleb
Nemelex Xobeh
Okawaru
Qazlal
Ru
Sif Muna
Trog
Uskayaw
Vehumet
Wu Jian
Xom
Yredelemnul
Zin
The Shining One


Innate Abilities, Weirdness & Mutations

You have a pair of horns on your head.
You reflexively headbutt those who attack you in melee.


Message History

You kill the yak!
Okawaru accepts your kill. The yak barely misses you. You furiously retaliate!
You headbutt the yak, but do no damage. The yak barely misses you.
Your Polearms skill increases to level 10!
Your Invocations skill increases to level 1!
You hit the yak but do no damage.
The yak is lightly wounded.
The yak gores you. The yak gores you!
You are too injured to fight recklessly!
You are too injured to fight recklessly!
You are too injured to fight recklessly!
You are too injured to fight recklessly!
You are too injured to fight recklessly!
You are too injured to fight recklessly!
The yak gores you!
There is an open door here.
There is an open door here.
You hit the yak.
The yak is lightly wounded.
You puncture the yak!
The yak is moderately wounded.
The yak misses you. x2
There is an open door here.
You hit the yak. Your headbutt misses the yak.
The yak is heavily wounded.
You puncture the yak! You headbutt the yak, but do no damage.
The yak is severely wounded.
You hit the yak.
The yak is severely wounded.
The yak gores you but does no damage. The yak barely misses you.
You barely miss the yak.
The yak is severely wounded.
The yak gores you!
* * * LOW HITPOINT WARNING * * *
The yak gores you.
* * * LOW HITPOINT WARNING * * *
The yak barely misses you. The yak gores you!
You die...

########################### ##
............)..#..........# #.
...............#..........# #.
...............#..........# #.
...............#.Y........# #.
...............#@Y........# #.
...............'.†..[.....# #.
...............#..........# #.
...###....##...##################
######....##'###.................
....#.........Y#...............#.
....'..........'...............#.
....#..........#...............#.
################...............#.


You could see 2 yaks.

Vanquished Creatures
  Sigmund (D:4)
  A yak (D:5)
  A black bear (D:5)
  An ogre (D:4)
  A necrophage (D:4)
  2 bullfrogs (Sewer)
  A scorpion (D:5)
  A centaur zombie (D:5)
  3 hounds
  2 orc priests (D:4)
  Jessica (D:3)
  2 iguanas
  An orc wizard (D:3)
  2 hound zombies (D:5)
  A hound skeleton (D:4)
  A river rat (D:5)
  11 adders
  An adder skeleton (D:4)
  2 worms
  3 dart slugs (D:1)
  17 orcs
  6 bats
  17 endoplasms
  13 giant cockroaches
  6 goblins
  5 hobgoblins
  7 jackals
  6 kobolds
  15 quokkas
  14 ball pythons
  14 frilled lizards
  9 rats
168 creatures vanquished.

Notes
Turn   | Place    | Note
-------+----------+-------------------------------------------
     0 | D:1      | raph the Minotaur Monk began the quest for the Orb.
     0 | D:1      | Reached XP level 1. HP: 19/19 MP: 0/0
    69 | D:1      | Reached skill level 4 in Polearms
    82 | D:1      | Reached XP level 2. HP: 25/26 MP: 1/1
   375 | D:1      | Found a faded altar of an unknown god.
   482 | D:1      | Reached skill level 5 in Polearms
   492 | D:1      | Reached XP level 3. HP: 25/31 MP: 2/2
  1262 | D:2      | Reached skill level 6 in Polearms
  1262 | D:2      | Reached XP level 4. HP: 33/39 MP: 3/3
  1986 | D:3      | Noticed Jessica
  1997 | D:3      | Killed Jessica
  2150 | D:3      | Reached skill level 7 in Polearms
  2150 | D:3      | Reached XP level 5. HP: 31/45 MP: 4/4
  2794 | D:4      | Found a staircase to the Ecumenical Temple.
  2806 | Temple   | Entered the Ecumenical Temple
  3163 | Temple   | Became a worshipper of Warmaster Okawaru
  3163 | Temple   | Reached * piety under Okawaru
  3163 | Temple   | Reached ** piety under Okawaru
  3339 | D:4      | Noticed a necrophage
  3347 | D:4      | Killed a necrophage
  3348 | D:4      | Reached skill level 1 in Armour
  3348 | D:4      | Reached XP level 6. HP: 48/52 MP: 5/5
  3544 | D:4      | Reached skill level 8 in Polearms
  3596 | D:4      | Noticed Sigmund
  4161 | D:3      | Reached XP level 7. HP: 57/60 MP: 6/6
  4234 | D:4      | Killed Sigmund
  4235 | D:4      | Reached skill level 5 in Fighting
  4460 | D:5      | Entered Level 5 of the Dungeon
  4623 | D:5      | Reached *** piety under Okawaru
  4624 | D:5      | Reached skill level 9 in Polearms
  4651 | D:5      | Reached skill level 5 in Dodging
  4792 | D:5      | Found a glowing drain.
  4809 | Sewer    | Entered a sewer
  5285 | Sewer    | Reached XP level 8. HP: 70/70 MP: 7/7
  5672 | Sewer    | Reached skill level 1 in Throwing
  6286 | D:5      | Reached skill level 10 in Polearms
  6286 | D:5      | Reached skill level 1 in Invocations
  6315 | D:5      | Slain by a yak

Illustrated notes

Levels and vault maps discovered:
D:1:      lightli_arrival_noodles, layout_loops_corners, basic_ecumenical_altar,
          minmay_misc_feat_more_columns, minmay_distorted
D:2:      layout_rooms, minmay_split_cup_large
D:3:      layout_basic, uniq_jessica
D:4:      nicolae_cairo_tiling_large_dashed, layout_cave_pools,
          minmay_temple_entry_proselytizer, minmay_misc_feat_doors, uniq_sigmund
D:5:      layout_gridville, portal_sewer_entry_a
Temple:   compressed_dpeg_triangle_lava_temple

Skill      XL: |  1  2  3  4  5  6  7  8 |
---------------+-------------------------+-----
Polearms       | 4 5 6 7 8 9 10 | 10.0
Fighting       | 4 5 6 |  6.2
Armour         | 1 2 |  2.2
Dodging        | 4 5 |  5.5
Throwing       | 1 |  1.2
Invocations    | 1 |  1.0
Stealth        | |  1.5

Action                   |  1- 3 |  4- 6 |  7- 9 || total
-------------------------+-------+-------+-------++-------
Melee: Spear             |   104 |    86 |       ||   190
       Headbutt          |     9 |    29 |    25 ||    63
       Trident           |       |    91 |   169 ||   260
       Punch             |       |       |     2 ||     2
Throw: Boomerang         |       |    32 |    36 ||    68
Invok: Heroism           |       |       |     2 ||     2
  Use: Scroll            |     2 |     4 |     2 ||     8
 Stab: Sleeping          |    10 |     4 |     4 ||    18
Armor: Robe              |     5 |       |       ||     5
       Leather armour    |     5 |    29 |    33 ||    67
Dodge: Dodged            |    41 |    75 |   106 ||   222
